 Dungeon Crawl Stone Soup version 0.30-a0-1085-g990a428a5c (webtiles) character file.

Game seed: 15224491851490323659

31 xian the Vexing (level 3, -2/24 HPs)
             Began as a Demonspawn Enchanter on Apr 16, 2023.
             Was a Follower of Ru.
             Slain by a gnoll
             ... wielding a +1 whip of venom
              (3 damage)
             ... on level 1 of the Dungeon.
             The game lasted 00:03:33 (1033 turns).

xian the Vexing (Demonspawn Enchanter)              Turns: 1033, Time: 00:03:34

Health: -2/24      AC:  3    Str: 10    XL:     3   Next: 7%
Magic:  6/6        EV: 10    Int: 16    God:    Ru [*.....]
Gold:   87         SH:  0    Dex: 13    Spells: 1/6 levels left

rFire   . . .      SeeInvis .    a - +1 dagger
rCold   . . .      Faith    .    (no shield)
rNeg    . . .      Spirit   .    f - +0 leather armour
rPois   .          Reflect  .    (no helmet)
rElec   .          Rampage  .    (no cloak)
rCorr   .                        (no gloves)
Will    .....                    (no boots)
Stlth   ++                       (no amulet)
HPRegen 0.24/turn                (no ring)
MPRegen 0.10/turn                (no ring)

@: lethally poisoned (-2 -> -4), invisible
A: inability to train dodging, weakness stinger 1
a: Renounce Religion


You were on level 1 of the Dungeon.
You worshipped Ru.
Ru was aware of your devotion.
You visited 1 branch of the dungeon, and saw 2 of its levels.

You collected 87 gold pieces.

Inventory:

Hand Weapons
 a - a +1 dagger (weapon)
Missiles
 g - 18 stones (quivered)
Armour
 b - a +0 robe
 f - a +0 leather armour (worn)
Scrolls
 d - 6 scrolls of enchant weapon {unknown}
 e - 2 scrolls of fog {unknown}
 j - 3 scrolls of identify {unknown}
Potions
 c - a potion of invisibility
 h - a potion of brilliance {unknown}
 i - a potion of magic {unknown}


   Skills:
 + Level 0.2 Fighting
 + Level 1.0 Short Blades
 + Level 0.2 Armour
 + Level 3.1 Stealth
 + Level 2.2 Spellcasting
 + Level 3.5 Hexes


You had one spell level left.
You knew the following spells:

 Your Spells              Type           Power      Damage    Failure   Level
a - Ensorcelled Hibernat  Hex/Ice        14%        N/A       21%         2
b - Confusing Touch       Hex            13%        N/A       19%         3

Your spell library contained the following spells:

 Spells                   Type           Power      Damage    Failure   Level
 Tukima's Dance           Hex            13%        N/A       19%         3
 Dazzling Flash           Conj/Hex       14%        N/A       38%         3
 Volatile Blastmotes      Fire/Tloc      2%         2d10      63%         3
 Iskenderun's Mystic Bla  Conj/Tloc      1%         2d3       95%         4
 Starburst                Conj/Fire      0%         6d3       100%        6


Dungeon Overview and Level Annotations

Branches:
Dungeon (2/15)

Altars:
Ru


Innate Abilities, Weirdness & Mutations

You cannot train Dodging skill.
You have a small tail.


Message History

The goblin hits you with a +0 dagger. The gnoll closely misses you.
You climb upwards.
There is a stone staircase leading down here.
You redirect the goblin's attack!
The goblin closely misses itself.
The goblin hits you with a +0 dagger.
You hit the goblin.
You kill the goblin!
j - 3 scrolls labelled UXTEISTAFUO (gained 1)
You see here a +0 dagger.
You see here a +0 dagger.
There is a stone staircase leading down here.
You climb downwards.
The gnoll barely misses you.
The gnoll hits you with a +1 whip of venom.
The gnoll closely misses you.
There is a stone staircase leading up, spattered with blood here.
The gnoll hits you from afar with a +0 spear!
The gnoll barely misses you.
The gnoll hits you from afar with a +0 spear.
* * * LOW HITPOINT WARNING * * *
The gnoll hits you with a +1 whip of venom.
* * * LOW HITPOINT WARNING * * *
You climb upwards.
There is a stone staircase leading down here.
You fade into invisibility!
The gnoll barely misses you.
You closely miss the gnoll.
The gnoll hits you with a +1 whip of venom.
* * * LOW HITPOINT WARNING * * *
You are lethally poisoned!
You barely miss the gnoll.
* * * LOW HITPOINT WARNING * * *
You feel sick.
You closely miss the gnoll.
* * * LOW HITPOINT WARNING * * *
You feel sick. The gnoll barely misses you.
You hit the gnoll but do no damage.
* * * LOW HITPOINT WARNING * * *
You feel sick.
The gnoll hits you with a +1 whip of venom.
You die...

..#.#.......######.#..##......#
..#.#.................##..)...#
..#....#######..##............#
..#.#### ##..#............#
..#.# ##...#..........# ###.#
#.))#..........# #.#####
#g..#....####### ###.....#
#g#.#....# #.......# #@#.######
#.#..#..# #.###
........########)#
...............#.#
#.#....#.#####.#.##
#............#....#
###.####.###.###..# ### #.#
#.###..## #.###.#.....#


You could see 2 gnolls.

Vanquished Creatures
  A worm (D:2)
  5 endoplasms
  A giant cockroach (D:2)
  4 goblins (D:1)
  A hobgoblin (D:1)
  2 jackals (D:1)
  6 bats
  3 kobolds (D:1)
  3 rats (D:1)
26 creatures vanquished.

Notes
Turn   | Place    | Note
-------+----------+-------------------------------------------
     0 | D:1      | xian the Demonspawn Enchanter began the quest for the Orb.
     0 | D:1      | Reached XP level 1. HP: 13/13 MP: 3/3
    38 | D:1      | Found a faded altar of an unknown god.
    66 | D:1      | Prayed at the altar of an unknown god.
    66 | D:1      | Became a worshipper of Ru the Awakened
    68 | D:1      | Gained mutation: You cannot train Dodging skill. [Ru
                  | sacrifice]
    68 | D:1      | Reached * piety under Ru
   353 | D:1      | Reached skill level 1 in Short Blades
   355 | D:1      | Gained mutation: You have a small tail. [demonic ancestry]
   355 | D:1      | Reached XP level 2. HP: 19/19 MP: 5/5
   361 | D:1      | Learned a level 2 spell: Ensorcelled Hibernation
   952 | D:2      | Reached XP level 3. HP: 23/24 MP: 6/6
   957 | D:2      | Learned a level 3 spell: Confusing Touch
  1032 | D:1      | HP: 1/24 [poisoned by a gnoll]
  1033 | D:1      | Slain by a gnoll

Illustrated notes

Levels and vault maps discovered:
D:1:      dpeg_arrival_subterranean_lakeside_camping, layout_basic,
          shapermc_ecumenical_altar_starsandcircs
D:2:      layout_loops_ring, uniq_crazy_yiuf_cottage, uniq_robin

Skill      XL: |  1  2 |
---------------+-------+-----
Dodging        | 0 |  0.0
Short Blades   | 1 |  1.0
Stealth        | 3 |  3.1
Fighting       | |  0.2
Armour         | |  0.2
Spellcasting   | |  2.2
Hexes          | |  3.5

Action                     || total
---------------------------++-------
  Melee: Dagger            ||    65
         Tailslap          ||     4
  Throw: Stone             ||     2
 Invoke: Sacrifice Nimblen ||     1
    Use: Potion            ||     1
   Stab: Sleeping          ||     9
 Armour: Leather armour    ||    22
  Dodge: Dodged            ||    34

Table legend: (Time is in decaauts)
 A = Elapsed time spent in this place.
 B = Non-inter-level travel time spent in this place.
 C = Inter-level travel time spent in this place.
 D = Time resting spent in this place.
 E = Time spent auto-exploring this place.
 F = Levels seen in this place.
 G = Mean time per level.
                   A        B        C        D        E       F      G
               +--------+--------+--------+--------+--------+-----+--------+
         Total |   1034 |   1022 |     12 |      0 |    686 |   2 |  517.0 |
       Dungeon |   1034 |   1022 |     12 |      0 |    686 |   2 |  517.0 |
               +--------+--------+--------+--------+--------+-----+--------+

Top non-repeatable levels by time:
     D:1: 816 daAuts
     D:2: 217 daAuts
